 Dungeon Crawl Stone Soup version 0.31-a0-965-g8a8ce12e04 (webtiles) character file.

Game seed: 10241978635540249182

697 Azuregosa the Covert (level 7, -7/49 HPs)
             Began as an Octopode Delver on Oct 26, 2023.
             Was an Initiate of Gozag.
             Splashed by a jelly's acid (9 damage)
             ... on level 5 of the Dungeon.
             The game lasted 00:11:44 (3895 turns).

Azuregosa the Covert (Octopode Delver)              Turns: 3895, Time: 00:11:45

Health: -7/49      AC:  1    Str: 11    XL:     7   Next: 65%
Magic:  7/7        EV: 13    Int: 12    God:    Gozag
Gold:   662        SH:  0    Dex: 16    Spells: 6/6 levels left

rFire   . . .        d - +2 scythe (flame)
rCold   . . .        (shield currently unavailable)
rNeg    . . .        (helmet restricted)
rPois   .            (no amulet)
rElec   .            (no ring)
rCorr   .            (no ring)
SInv    .            (no ring)
Will    .....        (no ring)
Stlth   ++++++       (no ring)
HPRegen 0.28/turn    (no ring)
MPRegen 0.10/turn    (no ring)
                     (no ring)

%: no passive effects
@: gold aura
A: almost no armour, amphibious, 8 rings, camouflage 1, gelatinous body 1,
(nimble swimmer 1), tentacles
a: Renounce Religion, Potion Petition, Call Merchant, Bribe Branch


You were on level 5 of the Dungeon.
You worshipped Gozag.
Gozag was pleased with you.
You visited 2 branches of the dungeon, and saw 6 of its levels.

You collected 679 gold pieces.
You paid 17 gold pieces to Gozag.

Inventory:

Hand Weapons
 a - a +0 falchion
 d - a +2 scythe of flaming (weapon)
 m - a +0 sling
 t - a +0 whip
Missiles
 h - 43 stones
 u - 2 poisoned darts
Wands
 f - a wand of digging (3)
Scrolls
 b - a scroll of fog
 c - 3 scrolls of revelation
 j - 2 scrolls of noise {unknown}
 k - 2 scrolls of poison {unknown}
 n - 7 scrolls of identify {unknown}
 o - 2 scrolls of immolation {unknown}
 q - a scroll of enchant weapon {unknown}
 w - a scroll of fear
 y - a scroll of amnesia {unknown}
Potions
 e - a potion of haste
 g - a potion of berserk rage {unknown}
 i - 3 potions of mutation {unknown}
 l - a potion of cancellation {unknown}
 p - 3 potions of enlightenment {unknown}
 r - a potion of brilliance {unknown}
 s - a potion of magic {unknown}
 v - a potion of curing {unknown}
 x - 2 potions of might {unknown}


   Skills:
 + Level 4.9 Fighting
 - Level 2.0 Long Blades
 - Level 2.0 Dodging
 - Level 12.0 Stealth


You had 6 spell levels left.
You didn't know any spells.
Your spell library was empty.

Dungeon Overview and Level Annotations

Branches:
Dungeon (5/15)             Temple (1/1) D:5

Altars:
Ashenzari
Dithmenos
Elyvilon
Gozag
Hepliaklqana
Makhleb
Nemelex Xobeh
Okawaru
Qazlal
Ru
Sif Muna
Trog
Uskayaw
Vehumet
Wu Jian
Yredelemnul
Zin
The Shining One

Annotations:
D:4 Ijyb


Innate Abilities, Weirdness & Mutations

You cannot wear most types of armour.
You are amphibious.
You can wear up to eight rings at the same time.
Your skin changes colour to match your surroundings (Stealth+).
Your rubbery body absorbs attacks. (AC +1, EV +1)
((You are camouflaged when in or above water. (Stealth+)))
You have tentacles for arms and can constrict up to eight enemies at once.


Message History

The black bear claws you.
An orc comes into view. It is wielding a +0 dagger.
The jelly is distracted by your dazzling golden aura.
You hit the black bear. You burn the black bear. You squeeze the black bear!
The black bear is almost dead.
You constrict the black bear, but do no damage.
The black bear goes berserk!
You completely miss the black bear.
The black bear is almost dead.
You constrict the black bear. The black bear bites you.
The black bear claws you. The black bear barely misses you.
The black bear misses you. The black bear barely misses you.
The black bear claws you!
You slash the black bear! You burn the black bear.
You kill the black bear!
The jelly is no longer distracted by gold.
Reach: d) +2 scythe (flame)
Press: ? - help, Dir - move target, f - orc
Aim: an orc, wielding a +0 dagger (about 43% to evade your +2 scythe of flaming)
You reach to attack!
You closely miss the orc. The jelly hits you.
You are splashed with acid!
* * * LOW HITPOINT WARNING * * *
The orc closely misses you.
You barely miss the jelly. You squeeze the jelly!
The jelly is moderately wounded.
The jelly misses you. The orc closely misses you.
You hit the jelly. You burn the jelly.
Your tentacles burn!
* * * LOW HITPOINT WARNING * * *
The jelly is heavily wounded.
The jelly hits you.
* * * LOW HITPOINT WARNING * * *
You are splashed with acid!
* * * LOW HITPOINT WARNING * * *
The orc closely misses you. The orc hits you with a +0 dagger.
* * * LOW HITPOINT WARNING * * *
The jelly hits you.
* * * LOW HITPOINT WARNING * * *
You are splashed with acid!
You die...
Your body crumbles into a pile of gold.

*,,,,**,##......##...
#..#**,:.###..#......
#...,##.##...##.....[
*...#.#.*.#..###>....
*#$....#.....##......
*.....#.........#...
###............#.#.##
#...Jo.........###..#
#...@..........###...
#..............[.....
#...........##...###.
#####..........##..####.
##..###........####.# ##
###...##..........###.#####
##.....###................##
#......###.............##.##
#................###.####...


You could see a jelly and an orc.

Vanquished Creatures
  Sigmund (D:2)
  An ice beast (D:5)
  A black bear (D:5)
  A howler monkey (D:3)
  Jessica (D:2)
  3 iguanas (D:5)
  9 gnolls
  6 adders
  2 worms
  A dart slug (D:2)
  3 orcs
  9 endoplasms
  4 giant cockroaches
  6 goblins
  4 hobgoblins
  2 jackals (D:4)
  3 quokkas
  5 ball pythons
  7 bats
  3 frilled lizards
  8 kobolds
  3 rats
83 creatures vanquished.

Notes
Turn   | Place    | Note
-------+----------+-------------------------------------------
     0 | D:5      | Azuregosa the Octopode Delver began the quest for the Orb.
     0 | D:5      | Reached XP level 1. HP: 16/16 MP: 1/1
    10 | D:5      | Found a staircase to the Ecumenical Temple.
    21 | Temple   | Entered the Ecumenical Temple
    46 | D:5      | Noticed an iguana
   108 | Temple   | Became a worshipper of Gozag Ym Sagoz the Greedy
   142 | D:4      | Noticed Ijyb
   166 | D:5      | Noticed an iguana
   169 | D:5      | Noticed an ice beast
   192 | D:4      | Reached skill level 7 in Stealth
   192 | D:4      | Reached XP level 2. HP: 14/21 MP: 2/2
   248 | D:4      | Noticed a black bear
   429 | D:2      | Reached XP level 3. HP: 26/26 MP: 3/3
   431 | D:2      | Noticed Sigmund
   512 | D:2      | Noticed Jessica
   518 | D:2      | Killed Jessica
   519 | D:2      | Reached skill level 8 in Stealth
   569 | D:2      | Reached XP level 4. HP: 25/31 MP: 4/4
   781 | D:2      | Reached skill level 9 in Stealth
   874 | D:2      | Found a shimmering blue altar of Sif Muna.
   972 | D:2      | Reached XP level 5. HP: 16/36 MP: 5/5
  1025 | D:2      | Killed Sigmund
  1026 | D:2      | Reached skill level 10 in Stealth
  1026 | D:2      | Reached XP level 6. HP: 30/42 MP: 6/6
  1086 | D:2      | Reached skill level 11 in Stealth
  3416 | D:5      | Reached skill level 12 in Stealth
  3416 | D:5      | Reached XP level 7. HP: 25/46 MP: 7/7
  3895 | D:5      | HP: 2/49 [jelly (1)]
  3895 | D:5      | Splashed by a jelly's acid

Illustrated notes

Levels and vault maps discovered:
D:1:      mrwooster_arrival_statue, layout_rooms
D:2:      minmay_inner_zag, layout_basic, basic_altar, uniq_jessica,
          uniq_sigmund
D:3:      layout_loops_ring, dreamdust_princess_corridor
D:4:      layout_cave_pools, uniq_ijyb
D:5:      layout_cave_pools, minmay_temple_entry_glassed_door,
          hangedman_decor_opposing, minmay_manual_monstrance
Temple:   eino_narrow_crystal_temple

Skill      XL: |  1  2  3  4  5  6  7 |
---------------+----------------------+-----
Stealth        | 7 8 9 10 12 | 12.0
Fighting       | 4 |  4.9
Long Blades    | |  2.0
Dodging        | |  2.0

Action                     |  1- 3 |  4- 6 |  7- 9 || total
---------------------------+-------+-------+-------++-------
  Melee: Falchion          |    29 |    44 |       ||    73
         Constrict         |     6 |    30 |     4 ||    40
         Tentacles         |     3 |    21 |     7 ||    31
         Halberd           |       |    69 |    23 ||    92
  Throw: Stone             |       |     1 |       ||     1
    Use: Scroll            |     1 |     1 |       ||     2
   Stab: Sleeping          |     6 |    22 |     1 ||    29
         Distracted        |       |     1 |     2 ||     3
 Armour: Skin              |    10 |    52 |    17 ||    79
  Dodge: Dodged            |    29 |    49 |    21 ||    99

Table legend: (Time is in decaauts)
 A = Elapsed time spent in this place.
 B = Non-inter-level travel time spent in this place.
 C = Inter-level travel time spent in this place.
 D = Time resting spent in this place.
 E = Time spent auto-exploring this place.
 F = Levels seen in this place.
 G = Mean time per level.
                   A        B        C        D        E       F      G
               +--------+--------+--------+--------+--------+-----+--------+
         Total |   3959 |   3855 |    104 |    551 |   1739 |   6 |  659.8 |
       Dungeon |   3923 |   3819 |    104 |    551 |   1739 |   5 |  784.6 |
        Temple |     35 |     35 |      0 |      0 |      0 |   1 |   35.0 |
               +--------+--------+--------+--------+--------+-----+--------+

Top non-repeatable levels by time:
     D:3: 1277 daAuts
     D:2: 1244 daAuts
     D:5: 653 daAuts
     D:1: 467 daAuts
     D:4: 281 daAuts
  Temple: 35 daAuts
